 Dungeon Crawl Stone Soup version 0.29.1-1-gd02db6906a (webtiles) character file.

Game seed: 7752111911408367378

1 SINSOJ the Ogre Mage (level 1, 0/16 HPs)
             Began as an Ogre Hedge Wizard on Oct 21, 2022.
             Frozen to death by an endoplasm (3 damage)
             ... on level 1 of the Dungeon.
             The game lasted 00:00:56 (39 turns).

SINSOJ the Ogre Mage (Ogre Hedge Wizard)              Turns: 39, Time: 00:00:57

Health: 0/16       AC:  3    Str: 13    XL:     1   Next: 20%
Magic:  5/5        EV:  9    Int: 15    God:
Gold:   0          SH:  0    Dex:  8    Spells: 6/7 levels left

rFire   . . .      SeeInvis .   a - +0 dagger
rCold   . . .      Faith    .   (no shield)
rNeg    . . .      Spirit   .   b - +0 robe
rPois   .          Reflect  .   c - +0 hat
rElec   .          Harm     .   (no cloak)
rCorr   .          Rampage  .   (gloves unavailable)
Will    .....                   (boots unavailable)
Stlth   +.........              (no amulet)
HPRegen 0.05/turn               (no ring)
MPRegen 0.09/turn               (no ring)

@: no status effects
A: large, unfitting armour, tough skin 1
a: no special abilities


You were on level 1 of the Dungeon.
You visited 1 branch of the dungeon, and saw 1 of its levels.

Inventory:

Hand Weapons
 a - a +0 dagger (weapon)
Armour
 b - a +0 robe (worn)
 c - a +0 hat (worn)
Potions
 d - a potion of magic
 e - a potion of curing {unknown}


   Skills:
 + Level 1.7 Dodging
 + Level 1.4 Stealth
 + Level 3.6 Spellcasting
 + Level 0.9 Conjurations
 + Level 0.9 Summonings
 + Level 0.9 Translocations


You had 6 spell levels left.
You knew the following spells:

 Your Spells              Type           Power      Damage    Failure   Level
a - Magic Dart            Conj           20%        1d4       13%         1

Your spell library contained the following spells:

 Spells                   Type           Power      Damage    Failure   Level
 Slow                     Hex            8%         N/A       19%         1
 Blink                    Tloc           10%        N/A       21%         2
 Call Imp                 Summ           5%         N/A       21%         2
 Conjure Flame            Conj/Fire      4%         6-21      43%         3
 Mephitic Cloud           Conj/Pois/Air  3%         N/A       45%         3


Dungeon Overview and Level Annotations

Branches:
Dungeon (1/15)

Altars:


Innate Abilities, Weirdness & Mutations

You are too large for most types of armour.
You have tough skin. (AC +1)


Message History

The rat barely misses you. The goblin closely misses you.
You barely miss the goblin.
The goblin is heavily wounded.
The goblin barely misses you. The rat bites you but does no damage.
You closely miss the goblin.
The goblin is heavily wounded.
The ball python bites you but does no damage.
The goblin hits you with a +0 dagger. The rat barely misses you.
You closely miss the goblin.
The goblin is heavily wounded.
The ball python completely misses you. The goblin hits you but does no damage.
The rat misses you. The endoplasm hits you.
You barely miss the goblin.
The goblin is heavily wounded.
The ball python bites you but does no damage.
The goblin hits you with a +0 dagger. The rat bites you.
The endoplasm freezes you.
You are frozen.
The ball python bites you but does no damage.
Sorry, you're not good enough to have a special ability.
You're too inexperienced to learn that spell!
Memorise Slow, consuming 1 spell level and leaving 5? [Y]es or [N]o only, please.
Memorise Slow, consuming 1 spell level and leaving 5?
The ball python barely misses you. The rat bites you but does no damage.
Your memorisation is interrupted.
The goblin barely misses you. The endoplasm hits you.
You hit the goblin.
You kill the goblin!
The ball python bites you.
* * * LOW HITPOINT WARNING * * *
The endoplasm hits you but does no damage.
The rat bites you but does no damage.
Found a scroll labelled LOIDAN DITEK.
The ball python barely misses you. The endoplasm barely misses you.
The rat barely misses you.
You see here a +0 dagger.
The rat bites you but does no damage. The endoplasm freezes you.
You are frozen.
You die...

#.....#...##
#....###...##
...# ###.##
##.).## ...#
#.#
##.[.##...###
#.#
##!..#..(..#
..
#..........#
.
#$.........#
#..r$......#
##.S@.#.###
#.J..#.#
.?.....# #
#..##....# #.
..#### ..
.... . ....#
##....


You could see an endoplasm, a ball python and a rat.

Vanquished Creatures
  A goblin (D:1)
1 creature vanquished.

Notes
Turn   | Place    | Note
-------+----------+-------------------------------------------
     0 | D:1      | SINSOJ the Ogre Hedge Wizard began the quest for the Orb.
     0 | D:1      | Reached XP level 1. HP: 16/16 MP: 5/5
    39 | D:1      | Frozen to death by an endoplasm

Illustrated notes

Levels and vault maps discovered:
D:1:      elethiomel_arrival_shortcut, layout_rooms

Action                   || total
-------------------------++-------
Melee: Dagger            ||     6
Armor: Robe              ||     9
Dodge: Dodged            ||    11
